 Dungeon Crawl Stone Soup version 0.30-a0-937-ga0a21ad780 (webtiles) character file.

Game seed: 15318486205971536345

56 Darius099 the Chopper (level 3, -1/31 HPs)
             Began as a Minotaur Fighter on Mar 25, 2023.
             Slain by Grinder (2 damage)
             ... on level 3 of the Dungeon.
             The game lasted 00:01:41 (1297 turns).

Darius099 the Chopper (Minotaur Fighter)            Turns: 1297, Time: 00:01:41

Health: -1/31      AC:  9    Str: 22    XL:     3   Next: 71%
Magic:  2/2        EV:  7    Int:  5    God:
Gold:   100        SH:  4    Dex:  9    Spells: 2/2 levels left

rFire   . . .      SeeInvis .    a - +0 war axe
rCold   . . .      Faith    .    c - +0 buckler
rNeg    + . .      Spirit   .    n - +0 chain mail
rPois   .          Reflect  .    (helmet restricted)
rElec   .          Rampage  .    (no cloak)
rCorr   .                        (no gloves)
Will    .....                    (no boots) Stlth
                                 (no amulet)
HPRegen 0.25/turn                h - ring of positive energy
MPRegen 0.08/turn                (no ring)

@: no status effects
A: horns 2, retaliatory headbutt
a: no special abilities


You were on level 3 of the Dungeon.
You visited 1 branch of the dungeon, and saw 3 of its levels.

You collected 100 gold pieces.

Inventory:

Hand Weapons
 a - a +0 war axe (weapon)
Armour
 c - a +0 buckler (worn)
 n - a +0 chain mail (worn)
Jewellery
 h - a ring of positive energy (left hand)
Scrolls
 f - a scroll of teleportation {unknown}
 g - a scroll of magic mapping {unknown}
 k - a scroll of blinking {unknown}
 m - 2 scrolls of enchant armour {unknown}
Potions
 d - 2 potions of might
 e - 3 potions of curing {unknown}
 i - a potion of ambrosia {unknown}
 j - a potion of brilliance {unknown}
 l - a potion of degeneration {unknown}


   Skills:
 - Level 3.6 Fighting
 + Level 5.0 Axes
 - Level 3.6 Armour
 - Level 3.6 Shields


You had 2 spell levels left.
You didn't know any spells.
Your spell library was empty.

Dungeon Overview and Level Annotations

Branches:
Dungeon (3/15)

Altars:
The Shining One

Annotations:
D:3 Grinder


Innate Abilities, Weirdness & Mutations

You have a pair of horns on your head.
You reflexively headbutt those who attack you in melee.


Message History

Grinder barely misses you. You block Grinder's attack.
You hit Grinder but do no damage.
Grinder is moderately wounded.
Grinder gestures at you. Pain shoots through your body!
You barely miss Grinder. Your headbutt misses Grinder.
Grinder is moderately wounded.
Grinder barely misses you.
You hit Grinder.
Grinder is heavily wounded.
Grinder hits you.
You writhe in agony.
You block Grinder's attack.
You barely miss Grinder.
Grinder is heavily wounded.
Grinder hits you.
You hit Grinder but do no damage.
Grinder is heavily wounded.
Grinder hits you but does no damage.
You hit Grinder.
Grinder is heavily wounded.
Grinder hits you but does no damage.
You barely miss Grinder. Your headbutt misses Grinder.
Grinder is heavily wounded.
Grinder hits you.
You writhe in agony.
Grinder hits you.
You closely miss Grinder.
Grinder is heavily wounded.
Grinder gestures at you. Pain shoots through your body!
* * * LOW HITPOINT WARNING * * *
You closely miss Grinder.
Grinder is heavily wounded.
Grinder hits you.
* * * LOW HITPOINT WARNING * * *
You barely miss Grinder. You headbutt Grinder.
Grinder is severely wounded.
Grinder hits you but does no damage. Grinder hits you.
* * * LOW HITPOINT WARNING * * *
You barely miss Grinder.
Grinder is severely wounded.
Grinder hits you.
You die...

........# .........#
.........## #......#
..........# #<.....#
#..........# #......# #
...........# #......# #
...........# ##......# #
........5@.# #.......# #
...........#####.......# #
............(..'.......# #
#..........#####...#######
#..........'..#...........
...........##........#####
...........####......### #
......###### #........###
...... #.######....


You could see Grinder.

Vanquished Creatures
  An adder (D:2)
  2 worms (D:2)
  2 dart slugs
  4 endoplasms
  A giant cockroach (D:2)
  A goblin (D:1)
  5 hobgoblins (D:2)
  4 kobolds
  2 quokkas
  3 ball pythons
  3 bats (D:2)
  2 frilled lizards
  5 rats (D:1)
35 creatures vanquished.

Notes
Turn   | Place    | Note
-------+----------+-------------------------------------------
     0 | D:1      | Darius099 the Minotaur Fighter began the quest for the Orb.
     0 | D:1      | Reached XP level 1. HP: 19/19 MP: 0/0
    22 | D:1      | Reached skill level 3 in Axes
   186 | D:1      | Reached XP level 2. HP: 26/26 MP: 1/1
   582 | D:2      | Found a glowing golden altar of the Shining One.
   589 | D:2      | Reached skill level 4 in Axes
   720 | D:2      | Reached XP level 3. HP: 31/31 MP: 2/2
   943 | D:2      | Reached skill level 5 in Axes
   995 | D:2      | Found a faded altar of an unknown god.
  1267 | D:3      | Noticed Grinder
  1268 | D:3      | Paralysed by Grinder for 3 turns
  1274 | D:3      | Paralysed by Grinder for 2 turns
  1281 | D:3      | Paralysed by Grinder for 4 turns
  1296 | D:3      | HP: 1/31 [Grinder (3)]
  1297 | D:3      | Slain by Grinder

Illustrated notes

Levels and vault maps discovered:
D:1:      lightli_arrival_chessboard, layout_basic
D:2:      layout_rooms, shapermc_ecumenical_altar_hornbeckon, basic_altar
D:3:      layout_basic, vehumet_statue, nicolae_grassy_gnolls, uniq_grinder

Skill      XL: |  1  2  3 |
---------------+----------+-----
Axes           | 3 4 5 |  5.0
Fighting       | |  3.6
Armour         | |  3.6
Shields        | |  3.6

Action                     || total
---------------------------++-------
  Melee: War axe           ||    80
         Headbutt          ||    13
 Armour: Scale mail        ||    19
         Chain mail        ||     7
  Dodge: Dodged            ||    32
  Block: Buckler           ||    10

Table legend: (Time is in decaauts)
 A = Elapsed time spent in this place.
 B = Non-inter-level travel time spent in this place.
 C = Inter-level travel time spent in this place.
 D = Time resting spent in this place.
 E = Time spent auto-exploring this place.
 F = Levels seen in this place.
 G = Mean time per level.
                   A        B        C        D        E       F      G
               +--------+--------+--------+--------+--------+-----+--------+
         Total |   1330 |   1245 |     85 |      0 |    969 |   3 |  443.3 |
       Dungeon |   1330 |   1245 |     85 |      0 |    969 |   3 |  443.3 |
               +--------+--------+--------+--------+--------+-----+--------+

Top non-repeatable levels by time:
     D:1: 591 daAuts
     D:2: 589 daAuts
     D:3: 150 daAuts
